 Dungeon Crawl Stone Soup version 0.23-a0-395-gcf17ac6 (webtiles) character file.

483 HDogLeCool the Chopper (level 6, 0/49 HPs)
             Began as a Demonspawn Fighter on Nov 1, 2018.
             Killed from afar by Ijyb (21 damage)
             ... with a wand of acid (4)
             ... on level 4 of the Dungeon.
             The game lasted 00:14:28 (4432 turns).

HDogLeCool the Chopper (Demonspawn Fighter)         Turns: 4432, Time: 00:14:28

Health: 0/49       AC:  5    Str: 18    XL:     6   Next: 88%
Magic:  6/6        EV:  7    Int:  9    God:
Gold:   125        SH:  9    Dex: 13    Spells: 5/5 levels left

rFire    . . .     SeeInvis .   s - +2 hunting sling (flame)
rCold    . . .     Gourm    .   c - +0 shield
rNeg     . . .     Faith    .   b - +0 scale mail
rPois    .         Spirit   .   m - +0 helmet
rElec    .         Reflect  .   q - +0 cloak
rCorr    .         Harm     .   (no gloves)
MR       .....                  (no boots)
Stlth    ..........             (no amulet)
HPRegen  0.16/turn              (no ring)
MPRegen  0.10/turn              (no ring)

@: corroded
A: claws 1, talons 1, powered by death 1
a: no special abilities


You were on level 4 of the Dungeon.
You were not hungry.

You visited 1 branch of the dungeon, and saw 4 of its levels.

You collected 125 gold pieces.

Inventory:

Hand Weapons
 a - a +0 war axe
 s - a +2 hunting sling of flaming (weapon)
Missiles
 e - 129 stones (quivered)
Armour
 b - a +0 scale mail (worn)
 c - a +0 shield (worn)
 m - a +0 helmet (worn)
 q - a +0 cloak (worn)
Scrolls
 g - 2 scrolls of identify {unknown}
 i - 3 scrolls of blinking {unknown}
 j - a scroll of enchant armour {unknown}
 k - 3 scrolls of remove curse {unknown}
 n - 2 scrolls of immolation {unknown}
 p - 2 scrolls of teleportation {unknown}
 t - a scroll of enchant weapon {unknown}
Potions
 d - a potion of mutation {unknown}
 h - 2 potions of curing {unknown}
 l - a potion of heal wounds {unknown}
 o - a potion of haste
 r - a potion of magic {unknown}
Comestibles
 f - 7 rations
 u - a chunk of flesh


   Skills:
 * Level 4.4 Fighting
 * Level 4.4 Axes
 + Level 3.9 Armour
 + Level 3.9 Shields


You had 5 spell levels left.
You didn't know any spells.
Your spell library was empty.

Dungeon Overview and Level Annotations

Branches:
Dungeon (4/15)
 Temple: D:4-7

Altars:
Xom
The Shining One

Annotations:
D:4 Ijyb


Innate Abilities, Weirdness & Mutations

You have sharp fingernails.
You have sharp toenails.
You regenerate a little health from kills.


Message History

Press: ? - help, Shift-Dir - straight line, f - Ijyb
Aim: Ijyb, wielding a +0 club, wearing a +0 leather armour and carrying a wand You shoot a stone.
The stone closely misses Ijyb.
The quokka bites you but does no damage.
Firing (i - inventory)
e - 131 stones (quivered)
Press: ? - help, Shift-Dir - straight line, f/p - Ijyb
Aim: Ijyb, wielding a +0 club, wearing a +0 leather armour and carrying a wand You shoot a stone.
The stone hits the quokka!
The stone burns the quokka.
You kill the quokka!
Ijyb zaps a wand.
The bolt of acid hits you! The acid corrodes you!
You are splashed with acid!
The acid burns!
Firing (i - inventory)
e - 130 stones (quivered)
Press: ? - help, Shift-Dir - straight line, f/p - Ijyb
Aim: Ijyb, wielding a +0 club, wearing a +0 leather armour and carrying a wand You shoot a stone.
The stone barely misses Ijyb.
A ball python comes into view.
There is a stone staircase leading down here.
Ijyb screams, "No!
No, no, no, no!"
Ijyb zaps a wand.
The bolt of acid hits you!
You die...

..............'......#####
#...........#......+....
##.##'#.#####......#####
.##.#.# #......# ..#.#.#
######## #.#.#.# #.#รท#.#
. #.#.#.# ....####...#@#
.............#
'########.>### #########.#
...?....g.##...
................
......(#####...S .......
... ....... .


You could see Ijyb.

Vanquished Creatures
  A howler monkey (D:4)
  A crimson imp (D:4)
  A centaur zombie (D:2)
  Crazy Yiuf (D:3)
  2 orc wizards
  Natasha (twice) (D:3 D:4)
  2 worker ants (D:4)
  Robin (D:3)
  4 gnolls (D:1)
  4 adders
  3 worms (D:2)
  3 leopard geckos
  6 orcs
  A giant cockroach (D:1)
  17 goblins
  9 hobgoblins
  6 jackals
  A quokka (D:4)
  3 ball pythons
  13 bats
  9 frilled lizards
  A jackal skeleton (D:4)
  10 kobolds
  10 rats
111 creatures vanquished.

Notes
Turn   | Place    | Note
-------+----------+-------------------------------------------
     0 | D:1      | HDogLeCool the Demonspawn Fighter began the quest for the
                  | Orb.
     0 | D:1      | Reached XP level 1. HP: 18/18 MP: 1/1
   302 | D:1      | Gained mutation: You have sharp fingernails. [demonic
                  | ancestry]
   302 | D:1      | Reached XP level 2. HP: 14/24 MP: 2/2
  1161 | D:2      | Gained mutation: You regenerate a little health from kills.
                  | [demonic ancestry]
  1161 | D:2      | Reached XP level 3. HP: 19/29 MP: 3/3
  1711 | D:1      | Reached XP level 4. HP: 31/35 MP: 4/4
  1872 | D:2      | Found a glowing golden altar of the Shining One.
  1947 | D:2      | Gained mutation: You have sharp toenails. [demonic
                  | ancestry]
  1947 | D:2      | Reached XP level 5. HP: 11/42 MP: 5/5
  2403 | D:3      | Found a shimmering altar of Xom.
  2403 | D:3      | Found a shimmering altar of Xom.
  2404 | D:3      | Found a shimmering altar of Xom.
  2409 | D:3      | Found a shimmering altar of Xom.
  2410 | D:3      | Found a shimmering altar of Xom.
  2471 | D:3      | Noticed Robin
  2485 | D:3      | Killed Robin
  2771 | D:3      | Found a runed door.
  2884 | D:3      | Noticed Natasha
  2893 | D:3      | Killed Natasha
  3012 | D:3      | Found a shimmering altar of Xom.
  3575 | D:3      | Noticed Crazy Yiuf
  3581 | D:3      | Killed Crazy Yiuf
  3581 | D:3      | Reached XP level 6. HP: 31/48 MP: 6/6
  4015 | D:4      | Noticed Natasha
  4043 | D:4      | Killed Natasha
  4423 | D:4      | Noticed Ijyb
  4432 | D:4      | Killed from afar by Ijyb

Vault maps used:
D:1:      dpeg_arrival_tiny_g
D:2:      tso_metal_star, serial_bayou_pond_e, chequers_serial_rivers_small_a
D:3:      kennysheep_donut, xom_redecorated, uniq_natasha, uniq_robin,
          uniq_crazy_yiuf_cottage
D:4:      first_ration, serial_rivers, chequers_serial_rivers_large_a,
          chequers_serial_rivers_micro_a, chequers_serial_rivers_micro_d,
          chequers_serial_rivers_room_b, chequers_serial_rivers_micro_a,
          chequers_serial_rivers_marsh, uniq_edmund, uniq_eustachio, uniq_ijyb,
          uniq_grinder

Skill      XL: |  1  2  3  4  5  6 |
---------------+-------------------+-----
Axes           | 2 3 4 |  4.4
Armour         | 3 |  3.9
Shields        | 3 |  3.9
Fighting       | 4 |  4.4

Action                   |  1- 3 |  4- 6 || total
-------------------------+-------+-------++-------
Melee: War axe           |   144 |   176 ||   320
       Kick              |       |    36 ||    36
 Fire: Hunting sling     |       |     3 ||     3
Throw: Stone             |    13 |       ||    13
  Use: Potion            |     1 |     1 ||     2
  Eat: Chunk             |     3 |     9 ||    12
Armor: Scale mail        |    72 |    56 ||   128
Dodge: Dodged            |    54 |    45 ||    99
Block: Shield            |    97 |    76 ||   173

Table legend:
 A = Non-vault XP
 B = Vault XP
 C = Vault XP percentage of total XP
 D = Non-vault monster count
 E = Vault monster count
 F = Vault count percentage of total count
                 A         B        C        D         E       F
            +---------+---------+-------+---------+---------+-------
      Total |     582 |     109 |  15.8 |      98 |      13 |  11.7
            +---------+---------+-------+---------+---------+-------
        D:1 |      95 |       0 |   0.0 |      30 |       0 |   0.0
        D:2 |     125 |       0 |   0.0 |      31 |       0 |   0.0
        D:3 |      75 |     109 |  59.2 |      21 |      13 |  38.2
        D:4 |     287 |       0 |   0.0 |      16 |       0 |   0.0
            +---------+---------+-------+---------+---------+-------
